 Dungeon Crawl Stone Soup version 0.29.1-14-g9c671dbff4 (webtiles) character file.

Game seed: 8145251804002191360

1852 Descartes the Digger (level 8, 0/36 HPs)
             Began as a Spriggan Earth Elementalist on Feb 17, 2023.
             Killed by divine providence
             ... invoked by an orc priest
              (11 damage)
             ... on level 7 of the Dungeon.
             The game lasted 00:23:48 (7727 turns).

Descartes the Digger (Spriggan Earth Elementalist)  Turns: 7727, Time: 00:23:49

Health: 0/36       AC:  7    Str:  4    XL:     8   Next: 88%
Magic:  4/16       EV: 17    Int: 18    God:
Gold:   335        SH:  0    Dex: 18    Spells: 9/17 levels left

rFire   + . .      SeeInvis +   v - +3 dagger
rCold   + . .      Faith    .   (no shield)
rNeg    + . .      Spirit   .   G - +0 acid dragon scales
rPois   .          Reflect  .   (helmet restricted)
rElec   .          Harm     .   s - +0 cloak {rCorr}
rCorr   +          Rampage  .   (gloves unavailable)
Will    +....                   (boots unavailable)
Stlth   ++........              (no amulet)
HPRegen 0.12/turn               y - ring of Vowueb {rF+ rC+ rCorr Dex+2}
MPRegen 0.15/turn               o - ring of positive energy

@: very quick
A: very small, no large weapons, unfitting armour, see invisible, speed 3
a: no special abilities


You were on level 7 of the Dungeon.
You visited 1 branch of the dungeon, and saw 7 of its levels.

You collected 335 gold pieces.

Inventory:

Hand Weapons
 c - a +0 short sword
 r - a +2 quarterstaff of chaos
 v - a +3 dagger (weapon)
 F - a +0 war axe of pain
Missiles
 I - 5 atropa-tipped darts
Armour
 a - a +0 robe
 s - a +0 cloak of preservation (worn)
 G - +0 acid dragon scales (worn)
Jewellery
 o - a ring of positive energy (right hand)
 y - the ring of Vowueb (left hand) {rF+ rC+ rCorr Dex+2}
   (You found it on level 4 of the Dungeon)

   [ring of protection from cold]

   Dex:       It affects your dexterity (+2).
   rF:        It protects you from fire.
   rC:        It protects you from cold.
   rCorr:     It protects you from acid and corrosion.
 D - a +6 ring of dexterity
Wands
 q - a wand of digging (6)
 H - a wand of flame (24)
Scrolls
 e - a scroll of silence
 f - 2 scrolls of teleportation
 h - 2 scrolls of blinking
 i - a scroll of vulnerability {unknown}
 l - 2 scrolls of fear
 t - 2 scrolls of torment
 w - a scroll of summoning
 x - a scroll of poison {unknown}
 B - a scroll of immolation {unknown}
Potions
 b - 3 potions of magic
 g - 2 potions of heal wounds {unknown}
 k - 2 potions of ambrosia
 m - 3 potions of might
 n - a potion of invisibility {unknown}
 p - a potion of haste {unknown}
 u - a potion of mutation {unknown}
 z - 2 potions of degeneration {unknown}
 A - 3 potions of flight
 C - 2 potions of curing
 E - a potion of resistance {unknown}


   Skills:
 + Level 5.5 Dodging
 - Level 3.0 Stealth
 - Level 5.0 Spellcasting
 + Level 4.0 Conjurations
 - Level 1.3 Transmutations
 + Level 5.8 Earth Magic
 - Level 5.0 Poison Magic
 - Level 5.0 Evocations


You had 9 spell levels left.
You knew the following spells:

 Your Spells              Type           Power      Damage    Failure   Level
a - Sandblast             Erth           50%        2d12      3%          1
b - Stone Arrow           Conj/Erth      44%        3d9       13%         3
c - Petrify               Tmut/Erth      17%        N/A       58%         4

Your spell library contained the following spells:

 Spells                   Type           Power      Damage    Failure   Level
 Passwall                 Tmut/Erth      14%        N/A       11%         2
 Sublimation of Blood     Necr           4%         N/A       43%         2
 Gell's Gravitas          Tloc           4%         N/A       67%         3
 Lesser Beckoning         Tloc           4%         N/A       67%         3
 Ozocubu's Armour         Ice            4%         N/A       67%         3
 Teleport Other           Tloc           4%         N/A       67%         3
 Borgnjor's Vile Clutch   Necr/Erth      7%         N/A       95%         5
 Irradiate                Conj/Tmut      7%         3d14      96%         5
 Animate Dead             Necr           4%         N/A       97%         4
 Death Channel            Necr           2%         N/A       100%        6
 Ozocubu's Refrigeration  Ice            2%         4d7       100%        7
 Chain Lightning          Conj/Air       5%         3d7       100%        9
 Fire Storm               Conj/Fire      5%         8d2       100%        9
 Shatter                  Erth           12%        3d13*     100%        9


Dungeon Overview and Level Annotations

Branches:
Dungeon (7/15)             Temple (0/1) D:7

Altars:

Shops:
D:4 *

Annotations:
D:4 Natasha


Innate Abilities, Weirdness & Mutations

You are very small and have problems with some larger weapons.
You are too small for most types of armour.
You have supernaturally acute eyesight. (SInv)
You cover ground extremely quickly. (Speed+++)


Message History

The blast of sand hits the orc priest but does no damage.
The orc priest is moderately wounded.
The orc priest completely misses you.
Casting: Sandblast (safe; 3% risk of failure)
Confirm with . or Enter, or press ? or * to list all spells.
Aiming: Sandblast (safe; 3% risk of failure)
Press: ? - help, Shift-Dir - straight line, f/p - orc priest
Aim: an orc priest, wielding a +0 short sword and wearing a +0 chain mail (moderately wounded, 87% to hit)
The blast of sand hits the orc priest but does no damage.
The orc priest is moderately wounded.
The orc priest misses you. The orc priest closely misses you.
Aiming: Throw Flame
Press: ? - help, Shift-Dir - straight line, f/p - orc priest
Aim: an orc priest, wielding a +0 short sword and wearing a +0 chain mail (moderately wounded, 81% to hit)
The puff of flame misses the orc priest.
The orc priest completely misses you.
You hit the orc priest.
The orc priest is heavily wounded.
The orc priest barely misses you.
You barely miss the orc priest.
The orc priest is heavily wounded.
The orc priest invokes the aid of Beogh against you.
Beogh smites you!
You hit the orc priest.
The orc priest is heavily wounded.
The orc priest closely misses you.
You closely miss the orc priest.
The orc priest is heavily wounded.
The orc priest casts a cantrip, but nothing happens.
You hit the orc priest but do no damage.
The orc priest is heavily wounded.
The orc priest hits you with a +0 short sword.
You hit the orc priest.
The orc priest is heavily wounded.
The orc priest hits you with a +0 short sword.
You hit the orc priest but do no damage.
The orc priest is heavily wounded.
The orc priest invokes the aid of Beogh against you.
Beogh smites you!
You die...

*,* #.#*,,,,,,,,*,,*,,*,,*,,*,,,*
*,* #.#*,,,,,*,,*,,,,,,,,,,,,,,,*
*,* #.##,,,,,*,,*>,,,,,,,,,,,,,,*
*,* #..##*****,,*,,,,,,,,,,,,,,**
*,* ##..#### ****,,*,,*,,*,,*,,**
*,***##....# *,,,,,,,,,,,,,,,*
,,,,,,####.# ***************,*
*,***,* #.######### *,,* *,,,
,,,,,,***#.....o@..#* *,,* *,**
*,**........######..#****,,* *,<*
*,,+.....oo..,,,,,,....,,,,* *,,*
****..........,,,,*,..##**,***,,*
*...o.......,,,+,,...,,,,,*,,*
*....#.......,,****##,*,*,*,,*
****...###.......,* *,*,*,*,,*
,,,,..#*∩##.......* *,,,*,*,,*
,,,,,**,,,**,,,,,,* **,,*,*,,*


You could see an orc priest.

Vanquished Creatures
  Maggie (D:6)
  Edmund (D:4)
  2 black bears
  An ice beast (D:7)
  A centaur (D:5)
  A phantom (D:6)
  Blork the orc (D:6)
  2 bullfrogs
  4 scorpions
  2 jellies
  3 hounds
  An iguana (D:5)
  Crazy Yiuf (D:2)
  A gnoll bouda (D:4)
  Terence (D:2)
  Natasha (D:4)
  Robin (D:4)
  13 adders
  6 gnolls
  A shadow imp (D:6)
  2 white imps
  A worm (D:2)
  5 dart slugs
  9 orcs
  9 ball pythons
  6 bats
  10 endoplasms
  5 giant cockroaches
  11 goblins
  10 hobgoblins
  6 jackals (D:1)
  A quokka (D:1)
  5 frilled lizards
  3 kobolds
  3 rats
131 creatures vanquished.

Notes
Turn   | Place    | Note
-------+----------+-------------------------------------------
     0 | D:1      | Descartes the Spriggan Earth Elementalist began the quest
                  | for the Orb.
     0 | D:1      | Reached XP level 1. HP: 9/9 MP: 5/5
   158 | D:1      | Reached XP level 2. HP: 13/13 MP: 2/6
   245 | D:1      | Reached skill level 1 in Evocations
   834 | D:1      | Reached XP level 3. HP: 16/16 MP: 4/8
   951 | D:1      | Reached skill level 1 in Poison Magic
  1719 | D:2      | Reached skill level 1 in Conjurations
  1719 | D:2      | Reached XP level 4. HP: 21/21 MP: 7/10
  1798 | D:2      | Noticed Terence
  1855 | D:2      | Killed Terence
  1954 | D:2      | Found a faded altar of an unknown god.
  2308 | D:2      | Found a runed translucent door.
  2309 | D:2      | Noticed Crazy Yiuf
  2518 | D:2      | Killed Crazy Yiuf
  2613 | D:3      | Reached XP level 5. HP: 24/24 MP: 9/11
  3595 | D:3      | Reached XP level 6. HP: 14/28 MP: 8/13
  3802 | D:4      | Noticed Natasha
  3808 | D:4      | Killed Natasha
  3915 | D:4      | Noticed Natasha
  3916 | D:4      | Noticed Robin
  4145 | D:3      | Learned a level 3 spell: Stone Arrow
  4300 | D:4      | Killed Robin
  4740 | D:4      | Noticed Edmund
  4765 | D:4      | Killed Edmund
  4766 | D:4      | Reached XP level 7. HP: 12/32 MP: 8/15
  5033 | D:4      | Found Ipent's General Store.
  5036 | D:4      | Identified the ring of Vowueb {rF+ rC+ rCorr Dex+2}
  5140 | D:4      | Reached skill level 5 in Spellcasting
  5345 | D:5      | Entered Level 5 of the Dungeon
  5705 | D:5      | Reached skill level 5 in Evocations
  5831 | D:5      | Identified the +2 pair of gloves of Vorrauh {Harm +Inv
                  | rCorr Stlth+}
  5963 | D:5      | Reached XP level 8. HP: 21/36 MP: 11/16
  6244 | D:5      | Reached skill level 5 in Earth Magic
  6660 | D:6      | Learned a level 4 spell: Petrify
  7061 | D:6      | Noticed Blork the orc
  7070 | D:6      | Killed Blork the orc
  7216 | D:6      | Noticed Maggie
  7236 | D:6      | Killed Maggie
  7237 | D:6      | Reached skill level 5 in Poison Magic
  7391 | D:6      | Reached skill level 5 in Dodging
  7727 | D:7      | Killed from afar by an orc priest

Illustrated notes

Levels and vault maps discovered:
D:1:      lemuel_arrival_broad_hall, layout_rooms
D:2:      layout_loops_ring, hellmonk_ecumenical_altar_slurped_away,
          uniq_terence, uniq_crazy_yiuf_cottage
D:3:      layout_basic, eino_tiny_chamber
D:4:      layout_cave_pods, serial_shops, shop, uniq_natasha, uniq_robin,
          uniq_edmund
D:5:      layout_loops_cross, grunt_ministairs_8
D:6:      layout_loops_corners, uniq_maggie, uniq_blork_the_orc
D:7:      layout_basic, temple_hall, gup_ossuary_entry_pyramid

Skill      XL: |  1  2  3  4  5  6  7  8 |
---------------+-------------------------+-----
Spellcasting   | 3 4 5 |  5.0
Evocations     | 1 2 3 4 5 |  5.0
Poison Magic   | 1 2 3 4 5 |  5.0
Earth Magic    | 3 4 5 |  5.8
Conjurations   | 1 2 3 4 |  4.0
Dodging        | 3 5 |  5.5
Stealth        | |  3.0
Transmutations | |  1.3

Action                   |  1- 3 |  4- 6 |  7- 9 || total
-------------------------+-------+-------+-------++-------
Melee: Short sword       |     1 |       |       ||     1
       Dagger            |       |       |     7 ||     7
 Cast: Sandblast         |    67 |   134 |   103 ||   304
       Stone Arrow       |       |       |     2 ||     2
Evoke: Wand              |       |       |     1 ||     1
  Use: Potion            |       |     1 |       ||     1
       Scroll            |       |       |    10 ||    10
 Stab: Sleeping          |     1 |       |       ||     1
Armor: Robe              |     1 |     8 |     6 ||    15
       Acid dragon scale |       |       |     5 ||     5
Dodge: Dodged            |    25 |    43 |    38 ||   106
